 Dungeon Crawl Stone Soup version 0.24.1 (webtiles) character file.

Game seed: 11150840307476816336, levelgen mode: deterministic

83111 Gartch5 the Impaler (level 15, -2/122 HPs)
             Began as a Merfolk Ice Elementalist on Jan 20, 2020.
             Was the Champion of Yredelemnul.
             Slain by a tarantella (24 damage)
             ... on level 2 of the Spider Nest on Apr 4, 2020.
             The game lasted 07:41:50 (39707 turns).

Gartch5 the Impaler (Merfolk Ice Elementalist)     Turns: 39707, Time: 07:41:50

Health: -2/122     AC: 14    Str: 10    XL:     15   Next: 76%
Magic:  20/24      EV: 19    Int: 22    God:    Yredelemnul [******]
Gold:   2492       SH:  0    Dex: 14    Spells: 12/24 levels left

rFire    . . .     SeeInvis +   u - +2 halberd (freeze)
rCold    . . .     Gourm    .   (shield currently unavailable)
rNeg     . . .     Faith    .   o - +4 ring mail of the Ward {+Fly rPois Str+2 Stlth+}
rPois    +         Spirit   .   N - +1 helmet {SInv}
rElec    .         Reflect  .   (no cloak)
rCorr    .         Harm     .   b - +2 pair of gloves
MR       +++..                  (no boots)
Stlth    ++........             i - amulet of regeneration
HPRegen  0.70/turn              W - ring of protection from magic
MPRegen  0.19/turn              y - ring of protection from magic

@: no status effects
A: change form in water, swift swim, stealthy swim
a: Recall Undead Slaves, Injury Mirror, Animate Dead, Drain Life, Enslave Soul,
Renounce Religion, Evoke Flight


You were on level 2 of the Spider Nest.
You worshipped Yredelemnul.
Yredelemnul was exalted by your worship.
You were not hungry.

You visited 4 branches of the dungeon, and saw 25 of its levels.

You collected 2492 gold pieces.

Inventory:

Hand Weapons
 u - a +2 halberd of freezing (weapon)
Missiles
 f - 2 throwing nets
 s - 15 curare-tipped darts
 B - 16 boomerangs (quivered)
 Q - 4 atropa-tipped darts
Armour
 b - a +2 pair of gloves (worn)
 j - +0 steam dragon scales
 o - the +4 ring mail of the Ward (worn) {+Fly rPois Str+2 Stlth+}
   (You found it on level 4 of the Dungeon)

   It affects your strength (+2).
   It protects you from poison.
   It lets you fly.
   It makes you more stealthy.
 N - a +1 helmet of see invisible (worn)
Jewellery
 a - an uncursed ring of protection from fire
 i - an amulet of regeneration (around neck)
 v - an uncursed ring of flight
 y - a ring of protection from magic (right hand)
 D - an uncursed ring of protection from magic
 H - an uncursed ring of ice
 J - an uncursed ring of magical power
 W - a ring of protection from magic (left hand)
 Y - an uncursed ring of protection from cold
Wands
 A - a wand of flame (9)
 I - a wand of paralysis (13)
 V - a wand of iceblast (7)
Scrolls
 d - a scroll of noise {unknown}
 g - a scroll of fog
 h - 10 scrolls of teleportation
 k - 2 scrolls of blinking
 l - a scroll of torment {unknown}
 m - 2 scrolls of enchant weapon
 n - 13 scrolls of remove curse
 t - 2 scrolls of fear
 x - a scroll of acquirement {unknown}
 z - 3 scrolls of identify
 G - a scroll of holy word {unknown}
 U - 2 scrolls of magic mapping
 Z - a scroll of silence {unknown}
Potions
 e - 2 potions of ambrosia
 p - 6 potions of curing
 q - 3 potions of haste
 r - 4 potions of heal wounds
 w - a potion of resistance
 C - 3 potions of brilliance
 E - 3 potions of might
 K - 2 potions of lignification
 L - a potion of magic
 O - 4 potions of flight
 P - 3 potions of agility
 R - a potion of berserk rage
 X - a potion of invisibility
Miscellaneous
 M - a box of beasts
Comestibles
 c - 35 rations
 F - a chunk of flesh


   Skills:
 - Level 12.5 Fighting
 - Level 16.0 Polearms
 - Level 15.7 Dodging
 - Level 2.1 Stealth
 - Level 5.2 Spellcasting
 - Level 0.7 Conjurations
 - Level 3.7 Hexes
 - Level 9.9 Summonings
 - Level 9.1 Ice Magic
 + Level 13.0 Invocations


You had 12 spell levels left.
You knew the following spells:

 Your Spells              Type           Power        Failure   Level  Hunger
a - Freeze                Ice            ####         1%          1    None
b - Throw Frost           Conj/Ice       ####..       4%          2    None
c - Confusing Touch       Hex            ###...       5%          1    None
d - Ozocubu's Armour      Chrm/Ice       ####....     12%         3    ##.....
e - Summon Butterflies    Summ           #####...     1%          1    None
f - Summon Ice Beast      Ice/Summ       #####...     4%          4    ####...

Your spell library contained the following spells:

 Spells                   Type           Power        Failure   Level  Hunger
 Call Imp                 Summ           #####...     1%          2    None
 Call Canine Familiar     Summ           #####...     1%          3    ##.....
 Ensorcelled Hibernation  Hex/Ice        ####..       2%          2    None
 Corona                   Hex            ###....      5%          1    None
 Slow                     Hex            ###.....     9%          2    None
 Confuse                  Hex            ###.....     17%         3    ##.....
 Tukima's Dance           Hex            ###.....     17%         3    ##.....
 Magic Dart               Conj           #...         19%         1    None
 Flame Tongue             Conj/Fire      #....        22%         1    None
 Infusion                 Chrm           #...         26%         1    None
 Dazzling Spray           Conj/Hex       ###...       30%         3    ##.....
 Throw Icicle             Conj/Ice       ####....     32%         4    ####...
 Throw Flame              Conj/Fire      #.....       34%         2    None
 Inner Flame              Hex/Fire       ##......     34%         3    ##.....
 Spectral Weapon          Hex/Chrm       ##......     34%         3    ##.....
 Blink                    Tloc           N/A          36%         2    None
 Shroud of Golubria       Chrm/Tloc      #.....       36%         2    None
 Song of Slaying          Chrm           #.......     36%         2    None
 Summon Mana Viper        Hex/Summ       #####...     41%         5    #####..
 Metabolic Englaciation   Hex/Ice        ####......   45%         5    #####..
 Conjure Flame            Conj/Fire      #.......     56%         3    ##.....
 Mephitic Cloud           Conj/Pois/Air  #.......     56%         3    ##.....
 Gell's Gravitas          Tloc           #.........   61%         3    ##.....
 Regeneration             Chrm/Necr      #.........   61%         3    ##.....
 Sticky Flame             Conj/Fire      #.......     92%         4    ####...
 Petrify                  Tmut/Erth      #.......     95%         4    ####...
 Yara's Violent Unravell  Hex/Tmut       ##........   97%         5    #####..
 Summon Hydra             Summ           #####.....   98%         7    #######
 Fireball                 Conj/Fire      #.........   99%         5    #####..


Dungeon Overview and Level Annotations

Branches:
Dungeon (15/15)            Temple (0/1) D:7            Lair (6/6) D:11
 Shoals (0/4) Lair:4       Spider (2/4) Lair:4        Slime (0/5) Lair:5
    Orc (2/2) D:9             Elf (0/3) Orc:2        Vaults (0/5) D:14
 Depths (0/5) D:15

Altars:
Dithmenos
Elyvilon
Gozag
Hepliaklqana
Makhleb
Qazlal
Trog
Xom
Yredelemnul
Jiyva

Shops:
D:7 *   Orc:1 %[([   Orc:2 }!(*

Annotations:
D:2 Grinder, Terence
D:4 Pikel
D:5 Edmund
D:6 Esos's ghost, novice DgIE
D:7 exclusion: two-headed ogre
D:8 1 runed translucent door, exclusions: door and two-headed ogre, YannSP's ghost, novice OpEn
Lair:1 3 runed translucent doors, exclusion: door, Daor's ghost, journeyman GnSk
Lair:4 exclusion: hydra
Orc:2 Saint Roka


Message History

* * * LOW HITPOINT WARNING * * *
A redback comes into view.
The jumping spider pounces on your bone dragon but does no damage.
The jumping spider bites your bone dragon but does no damage.
The redback bites your bone dragon!
The jumping spider leaps!
Your jumping spider zombie struggles to get unstuck from the web.
Your flayed ghost stares at the redback with tortured malice.
The tarantella bites you.
* * * LOW HITPOINT WARNING * * *
The tarantella closely misses you.
The moth of wrath bites your bone dragon!
The redback completely misses your bone dragon.
Your bone dragon bites the redback.
Your bone dragon claws the redback.
Your bone dragon tramples the redback.
The redback holds its ground!
Your jumping spider zombie struggles to get unstuck from the web.
You feel better. The tarantella bites you!
* * * LOW HITPOINT WARNING * * *
The tarantella barely misses you. The tarantella bites you!!
You die...
Your body rises from the dead as a mindless zombie.

.....s ..... .
#### .... ..
#...##...
...#....^..
.......ss° .
......sys# ..
......sDs#
...#########@V#
.....^...s.VWZ#
..........○ZnZ#
....##........#
. #...#...###
#....#....>#
#.....#.....#
.......###...#
#......##.....#


You could see a moth of wrath, an orb spider, 2 jumping spiders, 2 tarantellas,
2 redbacks, a friendly bone dragon, a friendly ghoul, a friendly vampire knight,
a friendly flayed ghost, a friendly vampire (invisible), 2 friendly jumping
spider zombies and a friendly demonic crawler zombie.

Vanquished Creatures
  An emperor scorpion (Spider:1)
  6 hydras
  6 two-headed ogres
  2 centaur warriors (D:13)
  The ghost of MisterT the Cleaver, a novice DDFi of the Shining One (D:9)
  2 ogre magi (Orc:2)
  The ghost of Mietzsche the Cruncher, a novice TrBe of Trog (D:9)
  Sonja (D:11)
  An unseen horror (D:14)
  A deep elf mage (D:14)
  2 orb spiders (Spider:2)
  2 orc knights
  An orc sorcerer (D:15)
  2 wolf spiders
  3 ugly things
  2 manticores
  A cyclops (D:15)
  3 black mambas
  5 spiny frogs
  2 gargoyles (D:10)
  A rime drake (Lair:4)
  A komodo dragon (Lair:5)
  2 demonic crawlers (Spider:2)
  4 trolls
  2 jumping spiders (Spider:2)
  7 polar bears
  A hornet (D:11)
  A raiju (Lair:6)
  6 slime creatures
  10 blink frogs
  8 hippogriffs
  A meliai zombie (D:13)
  A tarantella (Spider:2)
  A wyvern (Lair:3)
  43 yaks
  2 basilisks
  A steam dragon (D:7)
  6 wargs
  3 vampire mosquitoes
  10 water moccasins
  3 hell hounds (Lair:6)
  10 orc warriors
  5 porcupines
  3 black bears (Lair:6)
  An ice beast (D:12)
  2 sky beasts
  3 slaves
  A necrophage (D:10)
  2 phantoms
  3 wolves (Lair:6)
  12 ogres
  5 centaurs
  9 crocodiles
  2 big kobolds
  A gnoll sergeant (D:9)
  14 bullfrogs
  A water moccasin zombie (D:5)
  2 wyvern skeletons
  2 yak zombies (Lair:6)
  6 scorpions
  A warg zombie (Lair:6)
  3 killer bees (D:11)
  7 wights
  A wolf zombie (Lair:6)
  A yak skeleton (Lair:6)
  2 electric eels (Lair:3)
  5 howler monkeys
  7 crimson imps
  A wolf skeleton (Lair:6)
  A quasit (D:7)
  3 centaur zombies
  4 jellies
  17 orc priests
  2 centaur skeletons
  6 hounds
  18 orc wizards
  A bullfrog skeleton (D:6)
  Jessica (D:3)
  4 iguanas
  10 worker ants
  A killer bee zombie (D:8)
  A hound skeleton (D:9)
  A mummy (D:5)
  A howler monkey skeleton (D:4)
  10 gnolls
  8 adders
  An ooze (D:2)
  A worm (D:4)
  3 dart slugs
  5 leopard geckos
  57 orcs
  7 giant cockroaches
  11 goblins
  11 hobgoblins
  7 jackals
  21 kobolds
  8 quokkas
  A ball python (D:5)
  11 bats
  3 frilled lizards
  4 hobgoblin zombies (D:5)
  A jackal zombie (D:6)
  13 rats
  A fungus (D:11)
  A plant (Lair:6)
527 creatures vanquished.

Vanquished Creatures (collateral kills)
  Louise (D:15)
  An entropy weaver (Spider:1)
  A stone giant (Orc:1)
  Azrael (D:15)
  2 ogre magi
  Harold (D:9)
  A vault guard (D:14)
  4 hydras
  A tengu warrior (D:15)
  11 two-headed ogres
  An orc high priest (Orc:2)
  A wizard (D:15)
  A necromancer (D:15)
  2 orc sorcerers
  6 orc knights
  4 orb spiders (Spider:1)
  13 ugly things
  5 wolf spiders
  A manticore (D:15)
  A moth of wrath (Spider:2)
  3 centaur zombies
  2 naga magi (D:15)
  2 gargoyles
  2 centaur skeletons
  5 spiny frogs
  5 komodo dragons
  2 kobold demonologists
  An efreet (D:15)
  A demonic crawler (Spider:2)
  A freezing wraith (D:15)
  6 trolls
  A tengu conjurer (D:9)
  4 polar bears
  A wolf spider simulacrum (D:15)
  15 blink frogs
  6 jumping spiders
  4 slime creatures
  3 hornets
  4 hippogriffs
  2 raiju (Lair:6)
  2 centaur simulacra (D:15)
  14 redbacks
  3 tarantellas
  A basilisk (D:13)
  4 fire elementals (D:15)
  37 yaks
  6 vampire mosquitoes
  A hungry ghost (D:11)
  11 wargs
  10 water moccasins
  A soldier ant (D:14)
  11 hell hounds
  An acid dragon (D:15)
  2 porcupines
  2 ice beasts
  8 black bears (Lair:6)
  19 orc warriors
  A phantom (D:13)
  An eye of draining (D:13)
  7 centaurs
  21 ogres
  2 crocodiles
  10 wolves (Lair:6)
  A big kobold (D:13)
  8 bullfrogs
  3 scorpions
  A wight (D:10)
  A killer bee (D:11)
  2 electric eels
  A howler monkey (D:4)
  7 orc priests
  A jelly (D:8)
  A hound (D:13)
  12 orc wizards
  An iguana (D:13)
  2 worker ants
  A gnoll (D:9)
  An adder (D:5)
  2 shadow imps
  An adder zombie (D:5)
  38 orcs
  A giant cockroach (D:4)
  A goblin (D:6)
  2 jackals (D:4)
  A kobold (D:13)
  A quokka (D:8)
  A quokka skeleton (D:5)
  9 fungi
  11 plants
415 creatures vanquished.

Vanquished Creatures (others)
  3 phantasmal warriors (Spider:2)
  2 flayed ghosts
  2 redback zombies
  A hydra zombie (Lair:6)
  A hydra skeleton (Lair:6)
  5 flying skulls
  3 wraiths
  4 vampires
  A two-headed ogre zombie (D:15)
  5 spiny frog zombies
  2 blink frog zombies
  3 vampire mosquito zombies
  2 hippogriff zombies
  2 blink frog skeletons (Lair:6)
  A rime drake skeleton (Lair:4)
  3 hell hound zombies (Lair:6)
  2 hippogriff skeletons
  7 water moccasin zombies
  A troll zombie (Orc:2)
  3 warg zombies
  11 yak zombies
  3 polar bear zombies (Lair:6)
  A tengu zombie (D:9)
  4 wights
  6 yak skeletons
  2 polar bear skeletons
  A wolf zombie (Lair:6)
  2 bullfrog zombies
  2 basilisk zombies
  2 wolf skeletons (Lair:6)
  4 centaur zombies
  2 centaur skeletons
  2 bullfrog skeletons
  2 black bear skeletons (Lair:6)
  A porcupine skeleton (Lair:3)
  2 crocodile zombies
  4 ogre zombies
  A crocodile skeleton (Lair:4)
  A dwarf skeleton (D:13)
  2 ogre skeletons
  2 hound skeletons
  2 howler monkey zombies (D:11)
  2 worker ant zombies
  A howler monkey skeleton (D:4)
  2 scorpion zombies
  An iguana zombie (D:13)
  An adder skeleton (D:5)
  An electric eel zombie (Lair:3)
  A giant cockroach zombie (D:4)
  A gnoll skeleton (D:9)
  A goblin zombie (D:6)
  A hobgoblin zombie (D:6)
  3 jackal skeletons
  A jackal zombie (D:6)
  9 kobold zombies
  A leopard gecko skeleton (D:10)
  A leopard gecko zombie (D:6)
  12 orc skeletons
  32 orc zombies
  A quokka skeleton (D:8)
  3 quokka zombies
  15 fungi
  22 plants
  4 withered plants (D:9)
228 creatures vanquished.

Grand Total: 1170 creatures vanquished

Notes
Turn   | Place    | Note
-------+----------+-------------------------------------------
     0 | D:1      | Gartch5 the Merfolk Ice Elementalist began the quest for
                  | the Orb.
     0 | D:1      | Reached XP level 1. HP: 13/13 MP: 3/3
   528 | D:1      | Reached XP level 2. HP: 20/20 MP: 3/5
   553 | D:1      | Learned a level 2 spell: Throw Frost
  1487 | D:2      | Reached skill level 1 in Fighting
  1555 | D:2      | Reached skill level 1 in Polearms
  1555 | D:2      | Reached XP level 3. HP: 26/26 MP: 0/6
  2261 | D:2      | Reached skill level 2 in Polearms
  2528 | D:2      | Noticed Terence
  2537 | D:2      | Reached XP level 4. HP: 32/32 MP: 7/7
  3500 | D:2      | Reached skill level 3 in Polearms
  3853 | D:3      | Noticed Grinder
  3907 | D:3      | Noticed Jessica
  4416 | D:3      | Reached XP level 5. HP: 37/38 MP: 8/8
  5206 | D:3      | Reached skill level 4 in Polearms
  5692 | D:3      | Found a white marble altar of Elyvilon.
  5753 | D:3      | Found a basalt altar of Yredelemnul.
  5761 | D:3      | Became a worshipper of Yredelemnul the Dark
  6070 | D:3      | Reached XP level 6. HP: 46/46 MP: 9/9
  6135 | D:4      | Noticed a slave
  6149 | D:3      | Killed a slave
  6234 | D:4      | Reached skill level 5 in Polearms
  6269 | D:4      | Reached skill level 5 in Dodging
  6415 | D:4      | Reached skill level 6 in Polearms
  6415 | D:4      | Reached XP level 7. HP: 52/52 MP: 10/10
  6424 | D:4      | Found a hazy altar of Hepliaklqana.
  6444 | D:4      | Noticed Pikel
  6580 | D:3      | Killed Jessica
  6698 | D:4      | Reached * piety under Yredelemnul
  6768 | D:4      | Found a stormy altar of Qazlal.
  7053 | D:4      | Reached skill level 1 in Invocations
  7357 | D:4      | Got a blackened ring mail
  7430 | D:5      | Entered Level 5 of the Dungeon
  7436 | D:4      | Reached skill level 7 in Polearms
  7936 | D:5      | Reached XP level 8. HP: 49/60 MP: 5/11
  8066 | D:5      | Reached skill level 8 in Polearms
  8222 | D:5      | Found a bloodstained altar of Trog.
  8705 | D:6      | Found a runed translucent gate.
  8706 | D:6      | Found a runed translucent gate.
  8706 | D:6      | Found a runed translucent gate.
  8789 | D:6      | Reached skill level 9 in Polearms
  8912 | D:6      | Reached ** piety under Yredelemnul
  9031 | D:6      | Noticed Esos's ghost (novice DgIE)
  9064 | D:6      | Reached skill level 5 in Fighting
  9188 | D:6      | Found a burning altar of Makhleb.
  9188 | D:6      | Noticed Edmund
  9744 | D:6      | Reached XP level 9. HP: 67/68 MP: 12/12
  9910 | D:7      | Found Jeomae Edudi's Assorted Antiques.
  9924 | D:6      | Reached skill level 10 in Polearms
 10017 | D:7      | Identified the +4 ring mail of the Ward {+Fly rPois Str+2
                  | Stlth+} (You found it on level 4 of the Dungeon)
 10112 | D:7      | Found a staircase to the Ecumenical Temple.
 10688 | D:7      | Noticed a two-headed ogre
 10788 | D:7      | Reached *** piety under Yredelemnul
 10936 | D:8      | Reached skill level 11 in Polearms
 11198 | D:8      | Noticed a two-headed ogre
 11235 | D:8      | Noticed a manticore
 11254 | D:8      | Killed a manticore
 11362 | D:8      | Reached skill level 12 in Polearms
 11406 | D:8      | Reached XP level 10. HP: 77/77 MP: 13/13
 11409 | D:8      | Learned a level 1 spell: Confusing Touch
 11490 | D:8      | Noticed a two-headed ogre
 11605 | D:8      | You fall into a shaft and drop 1 floor!
 11770 | D:9      | Found a staircase to the Orcish Mines.
 11773 | D:9      | Found a runed translucent gate.
 11773 | D:9      | Found a runed translucent gate.
 11773 | D:9      | Found a runed translucent gate.
 11774 | D:9      | Noticed MisterT's ghost (novice DDFi)
 11775 | D:9      | Noticed Mietzsche's ghost (novice TrBe)
 11824 | D:9      | Reached skill level 1 in Hexes
 11946 | D:9      | Found a shimmering altar of Xom.
 12221 | D:9      | Noticed Harold
 12415 | D:9      | Reached **** piety under Yredelemnul
 12522 | D:8      | Found a runed translucent door.
 12525 | D:8      | Found a shimmering altar of Xom.
 12525 | D:8      | Noticed YannSP's ghost (novice OpEn)
 12525 | D:8      | Noticed a +6 hand axe of chaos
 12843 | D:8      | Received a gift from Yredelemnul (a wight)
 13126 | D:9      | Reached skill level 13 in Polearms
 13372 | D:9      | Killed Harold
 13586 | D:10     | Entered Level 10 of the Dungeon
 13641 | D:10     | Reached skill level 5 in Ice Magic
 13825 | D:10     | Reached skill level 10 in Dodging
 14021 | D:10     | Reached XP level 11. HP: 86/86 MP: 14/14
 14133 | D:10     | Reached skill level 14 in Polearms
 14835 | D:10     | Reached skill level 5 in Invocations
 15098 | D:11     | Reached ***** piety under Yredelemnul
 15152 | D:11     | Learned a level 3 spell: Ozocubu's Armour
 15222 | D:11     | Received a gift from Yredelemnul (3 flying skulls)
 15538 | D:11     | Found a staircase to the Lair.
 15601 | D:11     | You fall into a shaft and drop 1 floor!
 15883 | D:11     | Noticed Sonja
 16118 | Lair:1   | Entered Level 1 of the Lair of Beasts
 16438 | Lair:1   | Learned a level 1 spell: Summon Butterflies
 16637 | Lair:1   | Found a runed translucent gate.
 16638 | Lair:1   | Found a runed translucent gate.
 16638 | Lair:1   | Found a runed translucent gate.
 16638 | Lair:1   | Noticed Daor's ghost (journeyman GnSk)
 17330 | Lair:2   | Reached XP level 12. HP: 95/95 MP: 14/16
 17386 | Lair:2   | Reached skill level 1 in Summonings
 17865 | Lair:2   | Noticed a five-headed hydra
 18112 | Lair:1   | Received a gift from Yredelemnul (a wight)
 18178 | Lair:1   | Learned a level 4 spell: Summon Ice Beast
 18283 | Lair:2   | Noticed an eight-headed hydra
 19397 | Lair:3   | Reached skill level 10 in Fighting
 19516 | Lair:3   | Received a gift from Yredelemnul (a wraith)
 19527 | Lair:3   | Noticed a five-headed hydra
 20558 | Lair:4   | Noticed a five-headed hydra
 20647 | Lair:4   | Found a staircase to the Shoals.
 20869 | Lair:4   | Noticed a five-headed hydra
 21262 | Lair:4   | Upgraded the game from 0.24.0-123-gd5b16e6ec5 to 0.24.1
 21884 | Lair:5   | Reached skill level 5 in Summonings
 21950 | Lair:5   | Received a gift from Yredelemnul (a wight)
 22454 | Lair:5   | Found a viscous altar of Jiyva.
 22583 | Lair:5   | Found a staircase to the Slime Pits.
 22817 | Lair:6   | Entered Level 6 of the Lair of Beasts
 22826 | Lair:6   | Noticed an eight-headed hydra
 22835 | Lair:5   | Reached XP level 13. HP: 104/104 MP: 19/19
 23329 | Lair:6   | Received a gift from Yredelemnul (a wight)
 25328 | Lair:6   | Got a smoking morningstar
 25734 | Lair:1   | Received a gift from Yredelemnul (a vampire)
 26053 | Lair:4   | Found a hole to the Spider Nest.
 26782 | Orc:1    | Entered Level 1 of the Orcish Mines
 26812 | D:9      | Received a gift from Yredelemnul (a wraith)
 27203 | D:9      | Reached skill level 5 in Spellcasting
 27360 | D:9      | Killed Mietzsche's ghost
 27373 | D:9      | Killed MisterT's ghost
 27608 | Orc:1    | Found Aqill's Antique Armour Boutique.
 27653 | Orc:1    | Reached ****** piety under Yredelemnul
 27653 | Orc:1    | Received a gift from Yredelemnul (a wraith)
 27746 | Orc:1    | Found Riesiap's Antique Weapon Shop.
 27768 | Orc:1    | Found Elucifoatt's Food Emporium.
 27969 | Orc:1    | Found Vamm's Armour Emporium.
 27969 | Orc:1    | Noticed a stone giant
 28010 | Orc:1    | Killed a stone giant
 28010 | Orc:1    | Reached XP level 14. HP: 27/113 MP: 21/21
 28320 | Orc:2    | Entered Level 2 of the Orcish Mines
 28340 | Orc:1    | Reached skill level 15 in Polearms
 28557 | Orc:1    | Received a gift from Yredelemnul (2 flying skulls)
 29240 | Orc:2    | Paralysed by an ogre mage for 4 turns
 29243 | Orc:2    | Received a gift from Yredelemnul (a phantasmal warrior)
 29331 | Orc:2    | Noticed Saint Roka
 29662 | Orc:2    | Received a gift from Yredelemnul (a flayed ghost)
 29682 | Orc:2    | Paralysed by an ogre mage for 6 turns
 29694 | Orc:2    | Reached skill level 10 in Invocations
 30200 | Orc:2    | Received a gift from Yredelemnul (a vampire)
 30246 | Orc:2    | Found Dewyshrog's General Store.
 30246 | Orc:2    | Found Seath's Weapon Emporium.
 30257 | Orc:2    | Found Daumax's Gadget Boutique.
 30257 | Orc:2    | Found Ulaczali's Distillery.
 30265 | Orc:2    | Reached skill level 16 in Polearms
 30663 | Orc:2    | Found a staircase to the Elven Halls.
 30767 | Orc:2    | Received a gift from Yredelemnul (a vampire)
 31233 | D:11     | Killed Sonja
 32920 | D:13     | Received a gift from Yredelemnul (a vampire knight)
 33764 | D:13     | Received a gift from Yredelemnul (a flayed ghost)
 34497 | D:14     | Reached XP level 15. HP: 122/122 MP: 23/23
 34497 | D:14     | Received a gift from Yredelemnul (a phantasmal warrior)
 35094 | D:14     | Found a stormy altar of Qazlal.
 35612 | D:14     | Found a gate to the Vaults.
 35625 | D:14     | Reached skill level 15 in Dodging
 35626 | D:14     | Received a gift from Yredelemnul (a ghoul)
 35693 | D:15     | Entered Level 15 of the Dungeon
 36121 | D:15     | Noticed Louise
 36121 | D:15     | Noticed Azrael
 36136 | D:15     | Killed Louise
 36141 | D:15     | Killed Azrael
 36361 | D:15     | Received a gift from Yredelemnul (a vampire)
 36817 | D:15     | Found a shadowy altar of Dithmenos.
 37055 | D:15     | Received a gift from Yredelemnul (a phantasmal warrior)
 37434 | D:15     | Found an opulent altar of Gozag.
 37553 | D:15     | Received a gift from Yredelemnul (a bone dragon)
 37561 | D:15     | Found a staircase to the Depths.
 38022 | Spider:1 | Entered Level 1 of the Spider Nest
 38478 | Spider:1 | Got a polished arbalest
 38479 | Spider:1 | Identified the cursed +1 arbalest of Patience {velocity,
                  | Fragile rF+ Str+2} (You found it on level 1 of the Spider
                  | Nest)
 38504 | Spider:1 | Noticed an emperor scorpion
 38517 | Spider:1 | Killed an emperor scorpion
 38684 | Spider:1 | Received a gift from Yredelemnul (a vampire)
 39678 | Spider:2 | Received a gift from Yredelemnul (a flayed ghost)
 39707 | Spider:2 | Slain by a tarantella

Levels and vault maps discovered:
D:1:      dpeg_arrival_rooms_a, layout_loops_ring, minmay_stone_trees_medium,
          grunt_decor_cap
D:2:      minmay_recursive_quarters, layout_basic, kennysheep_path_1,
          hangedman_decor_riveting, uniq_terence
D:3:      layout_rooms, kennysheep_ying_yang, gup_sewer_entry_bowl,
          first_ration, hangedman_decor_peaks_small, uniq_grinder, uniq_jessica
D:4:      layout_cave_pools, grunt_temple_overflow_open, serial_park,
          serial_park_paths [serial_park_minivault_5x5_3],
          nicolae_ossuary_entry_ruins, hangedman_abyss_or_decor_stabs,
          uniq_pikel
D:5:      layout_rooms, kennysheep_mini_moat, hangedman_decor_lopped,
          minmay_mini_ossuary
D:6:      corexii_shack_village, layout_loops_cross, makhleb_heckhound_becter,
          gammafunk_ghost_split, uniq_edmund
D:7:      minmay_the_grid_triangle_9x9_rhombus_thin
          [minmay_the_grid_triangle_9x9_subtriangle,
          minmay_the_grid_triangle_9x9_prize_center,
          minmay_the_grid_triangle_9x9_checkered,
          minmay_the_grid_triangle_9x9_zippers_horizontal], layout_basic,
          minmay_temple_entry_gardened_gates, serial_shops, shop
D:8:      layout_basic, ebering_ghost_xom, serial_shops, shop,
          nicolae_shop_window_shopping, kennysheep_mini
D:9:      kennysheep_blocky_room, layout_long_grid, orc_0_dummy, basic_altar,
          gammafunk_ghost_cemetery, uniq_harold
D:10:     layout_roguey
D:11:     layout_loops_ring, grunt_lair_entry_orc_guard_hut, uniq_sonja
D:12:     layout_gridville
D:13:     layout_roguey, grunt_ogre_cave
D:14:     layout_basic, david_vaults_5, basic_altar, minivault_4
D:15:     grunt_enter_depths_magical_seal, layout_gridville,
          nicolae_gozag_cash_rules_everything_around_me,
          nicolae_dithmenos_shadow_blocks, uniq_azrael, uniq_louise
Lair:1:   layout_regular_city, ebering_ghost_rock_garden
Lair:2:   layout_gridlike, hangedman_lair_generics_rect
Lair:3:   layout_hall_layers, serial_bayou_pond_c,
          chequers_serial_rivers_small_a, nicolae_quartered_pool_medium,
          grunt_megastairs_4, infiniplex_staircase_pool_2
Lair:4:   layout_layer_cave, minmay_shoals_entry_beasts, dummy_spider_entry
Lair:5:   layout_loops_ring, slime_altar_1
Lair:6:   hangedman_lair_caniforms_friends, layout_cave_pods, minivault_11,
          lemuel_fruit_fields, grunt_megastairs_3
Spider:1: layout_chambers
Spider:2: layout_spider_delve, hangedman_spider_mandibles
Orc:1:    layout_caves, serial_shops, shop, shop, nicolae_shop_crystal, shop,
          abandoned_shop
Orc:2:    st_orc_ogre_mass, layout_caves, uniq_saint_roka

Skill      XL: |  1  2  3  4  5  6  7  8  9 10 11 12 13 14 15 |
---------------+----------------------------------------------+-----
Dodging        | 3 4 5 6 7 8 10 11 12 13 14 15 | 15.7
Fighting       | 1 2 3 4 5 6 8 9 10 11 12 | 12.5
Polearms       | 1 2 3 4 6 7 9 12 13 14 16 | 16.0
Ice Magic      | 4 5 8 9 |  9.1
Invocations    | 1 3 4 6 8 9 10 13 | 13.0
Hexes          | 3 |  3.7
Summonings     | 5 7 8 9 |  9.9
Spellcasting   | 5 |  5.2
Stealth        | |  2.1
Conjurations   | |  0.7

Action                   |  1- 3 |  4- 6 |  7- 9 | 10-12 | 13-15 || total
-------------------------+-------+-------+-------+-------+-------++-------
Melee: Dagger            |     1 |       |       |       |       ||     1
       Spear             |    68 |    80 |       |       |       ||   148
       Trident           |       |   106 |   379 |  1037 |   468 ||  1990
       Tailslap          |       |       |       |     2 |       ||     2
       Halberd           |       |       |       |       |   802 ||   802
 Fire: Hunting sling     |       |    12 |    20 |    22 |       ||    54
Throw: Stone             |     6 |    20 |       |       |       ||    26
       Boomerang         |       |       |       |     7 |    17 ||    24
 Cast: Freeze            |    39 |    61 |    80 |     8 |     1 ||   189
       Throw Frost       |       |       |     4 |       |       ||     4
       Confusing Touch   |       |       |       |    67 |   117 ||   184
       Ozocubu's Armour  |       |       |       |    17 |     1 ||    18
       Summon Ice Beast  |       |       |       |    14 |    70 ||    84
       Summon Butterflie |       |       |       |     1 |       ||     1
Invok: Animate Remains   |       |       |    23 |       |       ||    23
       Recall Undead Sla |       |       |     6 |    25 |    56 ||    87
       Animate Dead      |       |       |    10 |    66 |   120 ||   196
       Injury Mirror     |       |       |       |     2 |     2 ||     4
  Use: Scroll            |     5 |     8 |     5 |     6 |     8 ||    32
       Potion            |       |     2 |       |     2 |     3 ||     7
 Stab: Sleeping          |     2 |       |     6 |     6 |    11 ||    25
       Distracted        |       |       |     2 |     8 |    23 ||    33
       Confused          |       |       |       |    46 |    49 ||    95
       Paralysed         |       |       |       |       |     3 ||     3
  Eat: Chunk             |     6 |    13 |    25 |    41 |    73 ||   158
       Ration            |       |       |     1 |     6 |     9 ||    16
Armor: Robe              |     2 |       |       |       |       ||     2
       Ring mail         |    39 |    64 |    93 |    60 |    25 ||   281
       Steam dragon scal |       |       |       |    67 |   158 ||   225
Dodge: Dodged            |    54 |   100 |   230 |   474 |   839 ||  1697
